PAA
ASHEVILLE HIGHLANDERS @ PHOENIX HOTSPUR YOUTH
08/03/2031
 
TOP OF THE 1ST
Asheville Highlanders batting - Pitching for Phoenix Hotspur Youth : RHP Alberto Solís
Pitching: RHP Alberto Solís
Batting: RHB Harley Whitfield 0-0: Ball
1-0: Ball
2-0: Swinging Strike
2-1: Fly out, F4 (Popup, 13S)
Batting: LHB Jean Tannen 0-0: Fly out, F6 (Popup, 56)
Batting: LHB John Hansen 0-0: Called Strike
0-1: Ball
1-1: Ball
2-1: Ball
3-1: Base on Balls
Batting: LHB Félix Calixto 0-0: Called Strike
0-1: Foul Ball, location: 2F
0-2: DOUBLE (Flyball, 8RD)
John Hansen to third
Batting: LHB Landon Harryman 0-0: Called Strike
0-1: Ball
1-1: Swinging Strike
1-2: Ball
2-2: Strikes out swinging
Top of the 1st over - 0 runs, 1 hit, 0 errors, 2 left on base; Asheville 0 - Phoenix Hotspur 0
BOTTOM OF THE 1ST
Phoenix Hotspur Youth batting - Pitching for Asheville Highlanders : LHP Mariano Núñez
Pitching: LHP Mariano Núñez
Batting: LHB Kenny Scott 0-0: Called Strike
0-1: Swinging Strike
0-2: Ball
1-2: Ball
2-2: Ball
3-2: Foul Ball, location: 2F
3-2: Foul Ball, location: 2F
3-2: Foul Ball, location: 2F
3-2: Base on Balls
Batting: RHB James Turner 0-0: Called Strike
0-1: Swinging Strike
0-2: Foul Ball, location: 2F
0-2: Strikes out swinging
Batting: SHB Roldan Martir 0-0: Called Strike
0-1: Called Strike
0-2: Ball
1-2: Strikes out swinging
Batting: RHB Braylen Sampson 0-0: Ball
1-0: Ball
2-0: Ground out 6-3 (Groundball, 6M)
Bottom of the 1st over - 0 runs, 0 hits, 0 errors, 1 left on base; Asheville 0 - Phoenix Hotspur 0
TOP OF THE 2ND
Asheville Highlanders batting - Pitching for Phoenix Hotspur Youth : RHP Alberto Solís
Batting: SHB Robert Hillier 0-0: Ball
1-0: Called Strike
1-1: Ball
2-1: Foul Ball, location: 2F
2-2: Fly out, F7 (Flyball, 7S)
Batting: SHB Jeff Lowe 0-0: Swinging Strike
0-1: Foul Ball, location: 2F
0-2: Ball
1-2: Foul Ball, location: 2F
1-2: Foul Ball, location: 2F
1-2: Strikes out looking
Batting: RHB Craig Tricket 0-0: Ball
1-0: Called Strike
1-1: Fly out, F6 (Flyball, 56D)
Top of the 2nd over - 0 runs, 0 hits, 0 errors, 0 left on base; Asheville 0 - Phoenix Hotspur 0
BOTTOM OF THE 2ND
Phoenix Hotspur Youth batting - Pitching for Asheville Highlanders : LHP Mariano Núñez
Batting: RHB José Souza 0-0: Ball
1-0: Ball
2-0: Fly out, F9 (Flyball, 9)
Batting: RHB Germán Alfaro 0-0: Ground out 6-3 (Groundball, 6)
Batting: RHB Juan Cardona 0-0: Ball
1-0: Ball
2-0: Swinging Strike
2-1: Ball
3-1: Base on Balls
Batting: LHB Damian Alldred 0-0: Ball
1-0: Called Strike
1-1: Ground out 5-3 (Groundball, 2L)
Bottom of the 2nd over - 0 runs, 0 hits, 0 errors, 1 left on base; Asheville 0 - Phoenix Hotspur 0
TOP OF THE 3RD
Asheville Highlanders batting - Pitching for Phoenix Hotspur Youth : RHP Alberto Solís
Batting: RHB Víctor Hernández 0-0: Ball
1-0: Called Strike
1-1: Foul Ball, location: 2F
1-2: Ground out 6-3 (Groundball, 6M)
Batting: RHB Harley Whitfield 0-0: Ball
1-0: Ball
2-0: Called Strike
2-1: Foul Ball, location: 2F
2-2: Fly out, F5 (Popup, 25F)
Batting: LHB Jean Tannen 0-0: Fly out, F9 (Flyball, 9D)
Top of the 3rd over - 0 runs, 0 hits, 0 errors, 0 left on base; Asheville 0 - Phoenix Hotspur 0
BOTTOM OF THE 3RD
Phoenix Hotspur Youth batting - Pitching for Asheville Highlanders : LHP Mariano Núñez
Batting: LHB Joseph Antoine 0-0: Ball
1-0: Called Strike
1-1: Ball
2-1: Ball
3-1: Swinging Strike
3-2: Strikes out swinging
Batting: LHB Kenny Scott 0-0: Ball
1-0: Swinging Strike
1-1: Swinging Strike
1-2: Strikes out swinging
Batting: RHB James Turner 0-0: Called Strike
0-1: Foul Ball, location: 2F
0-2: Hit by Pitch
Batting: SHB Roldan Martir 0-0: Called Strike
0-1: Ball
1-1: Ball
2-1: Ball
3-1: Foul Ball, location: 2F
3-2: Foul Ball, location: 2F
3-2: Fly out, F7 (Flyball, 7LMF)
Bottom of the 3rd over - 0 runs, 0 hits, 0 errors, 1 left on base; Asheville 0 - Phoenix Hotspur 0
TOP OF THE 4TH
Asheville Highlanders batting - Pitching for Phoenix Hotspur Youth : RHP Alberto Solís
Batting: LHB John Hansen 0-0: Ball
1-0: Swinging Strike
1-1: Ball
2-1: Swinging Strike
2-2: Foul Ball, location: 2F
2-2: Ground out 2-3 (Groundball, 2L)
Batting: LHB Félix Calixto 0-0: Ground out 4-3 (Groundball, 4)
Batting: LHB Landon Harryman 0-0: Foul Ball, location: 2F
0-1: Ground out 5-3 (Groundball, 56)
Top of the 4th over - 0 runs, 0 hits, 0 errors, 0 left on base; Asheville 0 - Phoenix Hotspur 0
BOTTOM OF THE 4TH
Phoenix Hotspur Youth batting - Pitching for Asheville Highlanders : LHP Mariano Núñez
Batting: RHB Braylen Sampson 0-0: Foul Ball, location: 2F
0-1: SOLO HOME RUN (Flyball, 7LD), Distance : 362 ft
Batting: RHB José Souza 0-0: Called Strike
0-1: SINGLE (Groundball, 6MD)
Batting: RHB Germán Alfaro 0-0: Called Strike
0-1: Fly out, F9 (Flyball, 89D)
Batting: RHB Juan Cardona 0-0: Called Strike
0-1: Foul Ball, location: 2F
0-2: Ball
1-2: Foul Ball, location: 2F
1-2: Strikes out swinging
Batting: LHB Damian Alldred 0-0: DOUBLE (Groundball, 5L)
José Souza to third
Runner from 3rd tries for Home, SAFE, no throw
Batting: LHB Joseph Antoine 0-0: Ground out U3 (Groundball, 3)
Bottom of the 4th over - 2 runs, 3 hits, 0 errors, 1 left on base; Asheville 0 - Phoenix Hotspur 2
TOP OF THE 5TH
Asheville Highlanders batting - Pitching for Phoenix Hotspur Youth : RHP Alberto Solís
Batting: SHB Robert Hillier 0-0: SINGLE (Groundball, 34D)
Pinch Runner at 1st Dan Parkinson:
Batting: SHB Jeff Lowe 0-0: Sac Bunt - play at first, batter OUT! 5-3
Dan Parkinson to second
Batting: RHB Craig Tricket 0-0: Called Strike
Dan Parkinson steals 3rd base
0-1: Ball
1-1: Called Strike
1-2: Foul Ball, location: 2F
1-2: Ground out 6-3 (Groundball, 6S)
Batting: RHB Víctor Hernández 0-0: Called Strike
0-1: Called Strike
0-2: Strikes out swinging
Top of the 5th over - 0 runs, 1 hit, 0 errors, 1 left on base; Asheville 0 - Phoenix Hotspur 2
BOTTOM OF THE 5TH
Phoenix Hotspur Youth batting - Pitching for Asheville Highlanders : LHP Mariano Núñez
Now at 2B: José Segura
Batting: LHB Kenny Scott 0-0: Called Strike
0-1: Foul Ball, location: 2F
0-2: Ground out U3 (Groundball, 3)
Batting: RHB James Turner 0-0: Called Strike
0-1: Foul Ball, location: 2F
0-2: Foul Ball, location: 2F
0-2: Foul Ball, location: 2F
0-2: Ball
1-2: DOUBLE (Line Drive, 3D)
Batting: SHB Roldan Martir 0-0: Called Strike
James Turner steals 3rd base
0-1: SINGLE (Line Drive, 8LS)
James Turner scores
Batting: RHB Braylen Sampson 0-0: Ball
1-0: Swinging Strike
1-1: Foul Ball, location: 2F
1-2: Strikes out swinging
Batting: RHB José Souza 0-0: Called Strike
0-1: Fly out, F9 (Flyball, 89XD)
Bottom of the 5th over - 1 run, 2 hits, 0 errors, 1 left on base; Asheville 0 - Phoenix Hotspur 3
TOP OF THE 6TH
Asheville Highlanders batting - Pitching for Phoenix Hotspur Youth : RHP Alberto Solís
Batting: RHB Harley Whitfield 0-0: Ground out 5-3 (Groundball, 56S)
Batting: LHB Jean Tannen 0-0: Ball
1-0: Called Strike
1-1: Ball
2-1: Foul Ball, location: 2F
2-2: Ball
3-2: Strikes out looking
Batting: LHB John Hansen 0-0: Ball
1-0: Ball
2-0: Called Strike
2-1: Ground out 4-3 (Groundball, 4)
Top of the 6th over - 0 runs, 0 hits, 0 errors, 0 left on base; Asheville 0 - Phoenix Hotspur 3
BOTTOM OF THE 6TH
Phoenix Hotspur Youth batting - Pitching for Asheville Highlanders : LHP Mariano Núñez
Pitching: RHP Eric Foster
Batting: RHB Germán Alfaro 0-0: Called Strike
0-1: Ball
1-1: Ball
2-1: Ball
3-1: Called Strike
3-2: Base on Balls
Batting: RHB Juan Cardona 0-0: Ball
1-0: Ball
2-0: Ball
3-0: Called Strike
3-1: Called Strike
3-2: SINGLE (Line Drive, 7S)
Germán Alfaro to second
Germán Alfaro to third
Batting: LHB Damian Alldred 0-0: Ball
1-0: Called Strike
1-1: Ball
2-1: Ball
3-1: Called Strike
3-2: Ground out U3 (Groundball, 3S)
Juan Cardona to second
Batting: LHB Joseph Antoine 0-0: Called Strike
0-1: Swinging Strike
0-2: Ball
1-2: Ground out U3 (Groundball, 34S)
Batting: LHB Kenny Scott 0-0: Foul Ball, location: 2F
0-1: Ball
1-1: Ball
2-1: Ground out 5-3 (Groundball, 6)
Bottom of the 6th over - 0 runs, 1 hit, 0 errors, 2 left on base; Asheville 0 - Phoenix Hotspur 3
TOP OF THE 7TH
Asheville Highlanders batting - Pitching for Phoenix Hotspur Youth : RHP Alberto Solís
Batting: LHB Félix Calixto 0-0: Called Strike
0-1: Ball
1-1: Ball
2-1: Called Strike
2-2: Ball
3-2: SINGLE (Groundball, 34D)
Batting: LHB Landon Harryman 0-0: Foul Ball, location: 2F
0-1: Ball
1-1: Ball
2-1: Foul Ball, location: 2F
2-2: Ball
3-2: Foul Ball, location: 2F
3-2: Foul Ball, location: 2F
3-2: Foul Ball, location: 2F
3-2: Fly out, F6 (Line Drive, 6)
Batting: SHB José Segura 0-0: Ball
1-0: Fly out, F4 (Line Drive, 4)
Batting: SHB Jeff Lowe 0-0: Ball
1-0: SINGLE (Line Drive, 56D)
Félix Calixto to second
Batting: RHB Craig Tricket 0-0: Ball
1-0: Ball
2-0: Fly out, F8 (Flyball, 8RM)
Top of the 7th over - 0 runs, 2 hits, 0 errors, 2 left on base; Asheville 0 - Phoenix Hotspur 3
BOTTOM OF THE 7TH
Phoenix Hotspur Youth batting - Pitching for Asheville Highlanders : RHP Eric Foster
Batting: RHB James Turner 0-0: Ball
1-0: Ball
2-0: Fly out, F8 (Line Drive, 8RD)
Batting: SHB Roldan Martir 0-0: Ball
1-0: Ground out U3 (Groundball, 34)
Batting: RHB Braylen Sampson 0-0: Called Strike
0-1: Ball
1-1: Ball
2-1: Ball
3-1: Base on Balls
Batting: RHB José Souza 0-0: Ball
1-0: Foul Ball, location: 2F
1-1: Foul Ball, location: 2F
1-2: Ball
2-2: Fly out, F9 (Flyball, 9D)
Bottom of the 7th over - 0 runs, 0 hits, 0 errors, 1 left on base; Asheville 0 - Phoenix Hotspur 3
TOP OF THE 8TH
Asheville Highlanders batting - Pitching for Phoenix Hotspur Youth : RHP Alberto Solís
Batting: RHB Víctor Hernández 0-0: Called Strike
0-1: Fly out, F2 (Popup, 2LF)
Batting: RHB Harley Whitfield 0-0: Ball
1-0: Ball
2-0: Called Strike
2-1: Fly out, F8 (Flyball, 8RS)
Batting: LHB Jean Tannen 0-0: Called Strike
0-1: Ball
1-1: Foul Ball, location: 2F
1-2: Strikes out looking
Top of the 8th over - 0 runs, 0 hits, 0 errors, 0 left on base; Asheville 0 - Phoenix Hotspur 3
BOTTOM OF THE 8TH
Phoenix Hotspur Youth batting - Pitching for Asheville Highlanders : RHP Eric Foster
Pitching: RHP Bob Grzelak
Batting: RHB Germán Alfaro 0-0: Ball
1-0: Foul Ball, location: 2F
1-1: Foul Ball, location: 2F
1-2: Strikes out swinging
Batting: RHB Juan Cardona 0-0: Ball
1-0: Swinging Strike
1-1: Foul Ball, location: 2F
1-2: Ball
2-2: Foul Ball, location: 2F
2-2: Foul Ball, location: 2F
2-2: Foul Ball, location: 2F
2-2: Strikes out looking
Batting: LHB Damian Alldred 0-0: Fly out, F4 (Popup, 4)
Bottom of the 8th over - 0 runs, 0 hits, 0 errors, 0 left on base; Asheville 0 - Phoenix Hotspur 3
TOP OF THE 9TH
Asheville Highlanders batting - Pitching for Phoenix Hotspur Youth : RHP Alberto Solís
Batting: LHB John Hansen 0-0: Swinging Strike
0-1: Ball
1-1: Ball
2-1: Ball
3-1: Fly out, F8 (Flyball, 8RD)
Batting: LHB Félix Calixto 0-0: Called Strike
0-1: Swinging Strike
0-2: Strikes out looking
Batting: LHB Landon Harryman 0-0: Called Strike
0-1: Ball
1-1: Swinging Strike
1-2: Strikes out swinging
Top of the 9th over - 0 runs, 0 hits, 0 errors, 0 left on base; Asheville 0 - Phoenix Hotspur 3
Tuesday, June 12th, 2018 - OOTP Baseball 18.8 Build 76